 Dungeon Crawl Stone Soup version 0.30.1 (webtiles) character file.

Game seed: 7587158249982156633

477 Ayven the Chopper (level 7, -9/60 HPs)
             Began as a Hill Orc Fighter on July 1, 2023.
             Mangled by an ogre
             ... wielding a +0 giant club
              (24 damage)
             ... on level 5 of the Dungeon.
             The game lasted 00:13:26 (3468 turns).

Ayven the Chopper (Hill Orc Fighter)                Turns: 3468, Time: 00:13:27

Health: -9/60      AC:  7    Str: 21    XL:     7   Next: 11%
Magic:  7/7        EV:  9    Int:  8    God:
Gold:   294        SH:  8    Dex: 10    Spells: 6/6 levels left

rFire   . . .        a - +0 war axe
rCold   . . .        c - +0 buckler
rNeg    . . .        b - +0 scale mail
rPois   +            (no helmet)
rElec   .            (no cloak)
rCorr   +            (no gloves)
SInv    .            (no boots)
Will    .....        j - amulet of regeneration Stlth
                     n - ring of resist corrosion
HPRegen 1.10/turn    i - ring of poison resistance
MPRegen 0.10/turn

%: no passive effects
@: no status effects
A: large bone plates 1, poison resistance, MP-powered wands
a: no special abilities


You were on level 5 of the Dungeon.
You visited 1 branch of the dungeon, and saw 4 of its levels.
You also visited: Sewer.

You collected 322 gold pieces.
You spent 28 gold pieces at shops.

Inventory:

Hand Weapons
 a - a +0 war axe (weapon)
 l - a +0 shortbow
 m - a +1 flail of protection
Missiles
 k - 4 silver boomerangs (quivered)
Armour
 b - a +0 scale mail (worn)
 c - a +0 buckler (worn)
Jewellery
 e - an amulet of magic regeneration
 i - a ring of poison resistance (right hand)
 j - an amulet of regeneration (around neck)
 n - a ring of resist corrosion (left hand)
Scrolls
 f - 3 scrolls of magic mapping
 h - 2 scrolls of teleportation
Potions
 d - a potion of berserk rage
 g - 2 potions of curing
 o - a potion of magic {unknown}


   Skills:
 + Level 4.9 Fighting
 + Level 6.5 Axes
 + Level 0.1 Throwing
 + Level 5.3 Armour
 + Level 1.1 Dodging
 + Level 0.1 Stealth
 + Level 4.1 Shields


You had 6 spell levels left.
You didn't know any spells.
Your spell library contained the following spells:

 Spells                   Type           Power      Damage    Failure   Level
 Lesser Beckoning         Tloc           0%         N/A       91%         2
 Frozen Ramparts          Ice            0%         1d1       99%         3
 Gell's Gravitas          Tloc           0%         N/A       99%         3
 Portal Projectile        Hex/Tloc       0%         N/A       99%         3
 Teleport Other           Tloc           0%         N/A       99%         3
 Tukima's Dance           Hex            0%         N/A       99%         3
 Animate Dead             Necr           0%         N/A       100%        4
 Ice Form                 Ice/Tmut       0%         N/A       100%        4
 Summon Ice Beast         Ice/Summ       0%         N/A       100%        4
 Blade Hands              Tmut           0%         N/A       100%        5
 Borgnjor's Vile Clutch   Necr/Erth      0%         N/A       100%        5
 Death Channel            Necr           0%         N/A       100%        6


Dungeon Overview and Level Annotations

Branches:
Dungeon (5/15)              Sewer (visited)
 Temple: D:4-7

Altars:
Makhleb
Nemelex Xobeh
Trog
Vehumet

Shops:
D:1 ?


Innate Abilities, Weirdness & Mutations

You are partially covered in large bone plates. (SH +4)
Your system is resistant to poisons. (rPois)
You expend magic power (3 MP) to strengthen your wands.


Message History

The sleepcap releases spores at you but does no damage.
You slash the sleepcap!
The sleepcap is heavily damaged.
The sleepcap releases spores at you but does no damage.
You hit the sleepcap but do no damage.
The sleepcap is heavily damaged.
The sleepcap releases spores at you!
You are engulfed in a cloud of soporific spores!
You fall asleep.
The sleepcap releases spores at you.
You wake up.
The sleepcap barely misses you. The sleepcap attacks as you move away!
You block the sleepcap's attack.
Throw: 4 boomerangs (silver)
Press: ? - help, Q - select action Shift-Dir - straight line, f - sleepcap
Aim: a sleepcap (heavily damaged, 98% to hit)
Okay, then.
You hit the sleepcap.
The sleepcap is heavily damaged.
The sleepcap releases spores at you but does no damage.
You hit the sleepcap but do no damage.
The sleepcap is heavily damaged.
The sleepcap releases spores at you but does no damage.
The sleepcap attacks as you move away! The sleepcap releases spores at you.
The ogre attacks as you move away! You block the ogre's attack.
You hit the sleepcap.
The sleepcap is severely damaged.
You block the sleepcap's attack. The sleepcap barely misses you.
You barely miss the ogre.
The ogre hits you with a +0 giant club!!
You slash the ogre!
The ogre is heavily wounded.
The ogre hits you with a +0 giant club!!
* * * LOW HITPOINT WARNING * * *
You feel better. The ogre attacks as you move away!
The ogre hits you with a +0 giant club!!
* * * LOW HITPOINT WARNING * * *
You feel better.
The ogre hits you with a +0 giant club!!
You die...

#..........##
##..........# ####
##..#####....#
...##########
##.### ###..###
###.........####.##
##.(.##
########......##
###... ######.#
###. #.## ## #.@#
#####.O# #.....f#
#.####.#
######.####.#
#.~.....~...##
#.##~~.~~##..#
#.##≈~.~~##..#
#.≈~.....≈≈..#


You could see an ogre and a sleepcap.

Vanquished Creatures
  Pargi (Sewer)
  A black bear (D:5)
  A scorpion (D:5)
  A sleepcap (D:5)
  5 orc wizards (D:5)
  3 adders (D:3)
  4 worms
  A dart slug (D:1)
  2 orcs (D:3)
  6 endoplasms
  2 giant cockroaches
  3 goblins
  7 hobgoblins
  3 jackals (D:1)
  3 quokkas
  5 ball pythons
  4 bats
  4 kobolds
  7 rats
63 creatures vanquished.

Notes
Turn   | Place    | Note
-------+----------+-------------------------------------------
     0 | D:1      | Ayven the Hill Orc Fighter began the quest for the Orb.
     0 | D:1      | Reached XP level 1. HP: 19/19 MP: 1/1
   289 | D:1      | Reached XP level 2. HP: 27/27 MP: 2/2
   467 | D:1      | Reached skill level 3 in Axes
   538 | D:1      | Found Ifrigusi's Magic Scroll Emporium.
   548 | D:1      | Bought a scroll of identify for 28 gold pieces
   923 | D:2      | Reached XP level 3. HP: 33/33 MP: 3/3
  1181 | D:2      | Found a sparkling altar of Nemelex Xobeh.
  1502 | D:2      | Gained mutation: You expend magic power (3 MP) to
                  | strengthen your wands. [potion of mutation]
  1502 | D:2      | Gained mutation: You have hidden genetic potential. [potion
                  | of mutation]
  1788 | D:3      | Found a radiant altar of Vehumet.
  1813 | D:3      | Found a bloodstained altar of Trog.
  1856 | D:3      | Found a burning altar of Makhleb.
  2060 | D:3      | Reached XP level 4. HP: 31/41 MP: 4/4
  2236 | D:3      | Gained mutation: You are partially covered in large bone
                  | plates. (SH +4) [hidden potential]
  2390 | D:3      | Found a sparkling altar of Nemelex Xobeh.
  2449 | D:3      | Reached skill level 4 in Axes
  2902 | D:3      | You fall into a shaft and drop 2 floors!
  2902 | D:5      | Entered Level 5 of the Dungeon
  3131 | D:5      | Noticed a black bear
  3133 | D:5      | Noticed a scorpion
  3148 | D:5      | Killed a scorpion
  3149 | D:5      | Reached XP level 5. HP: 36/47 MP: 5/5
  3150 | D:5      | Gained mutation: Your system is resistant to poisons.
                  | (rPois) [hidden potential]
  3150 | D:5      | Lost mutation: You have hidden genetic potential. [hidden
                  | potential expressed]
  3153 | D:5      | Killed a black bear
  3154 | D:5      | Reached skill level 5 in Axes
  3154 | D:5      | Reached skill level 5 in Armour
  3154 | D:5      | Reached XP level 6. HP: 35/53 MP: 6/6
  3284 | D:5      | Reached skill level 6 in Axes
  3326 | D:5      | Found a glowing drain.
  3339 | Sewer    | Entered a sewer
  3366 | Sewer    | Noticed Pargi
  3388 | Sewer    | Killed Pargi
  3389 | Sewer    | Reached skill level 1 in Dodging
  3389 | Sewer    | Reached XP level 7. HP: 44/60 MP: 7/7
  3468 | D:5      | Mangled by an ogre

Illustrated notes

Levels and vault maps discovered:
D:1:      dpeg_arrival_boxes_within_box, layout_loops_corners, serial_shops,
          shop, kennysheep_decorative_pillar
D:2:      layout_loops_cross, basic_altar
D:3:      layout_loops_corners, nemelex_dance_club_becter, vehumet_crystals,
          trog_butcher_becter, overflow_temple_1_default, chequers_avenue
D:5:      layout_cave_pods, cheibrodos_sewer_entry_sluice,
          minmay_a_box_with_orc_wizards_in_it, uniq_ijyb

Skill      XL: |  1  2  3  4  5  6 |
---------------+-------------------+-----
Axes           | 3 4 5 6 |  6.5
Fighting       | 4 |  4.9
Armour         | 4 5 |  5.3
Dodging        | 1 |  1.1
Shields        | 4 |  4.1
Throwing       | |  0.1
Stealth        | |  0.1

Action                     |  1- 3 |  4- 6 |  7- 9 || total
---------------------------+-------+-------+-------++-------
  Melee: War axe           |   124 |   104 |    11 ||   239
  Throw: Boomerang         |       |     2 |       ||     2
    Use: Scroll            |     4 |       |       ||     4
         Potion            |     5 |     2 |     2 ||     9
 Armour: Scale mail        |    68 |    60 |     6 ||   134
  Dodge: Dodged            |    62 |    57 |     3 ||   122
  Block: Buckler           |    33 |    39 |     5 ||    77
